 Dungeon Crawl Stone Soup version 0.32-a0-19-g28bc0835a1 (webtiles) character file.

Game seed: 18141454450734463842

1026 Querens the Shield-Bearer (level 8, -2/62 (63) HPs)
             Began as a Formicid Fighter on Jan 17, 2024.
             Slain by a harpy zombie (3 damage)
             ... on level 1 of the Abyss.
             The game lasted 00:16:35 (3214 turns).

Querens the Shield-Bearer (Formicid Fighter)        Turns: 3214, Time: 00:16:36

HP:   -2/62 (63)    AC:  7    Str: 22    XL:     8   Next: 47%
MP:   8/8           EV: 10    Int:  9    God:
Gold: 182           SH:  5    Dex: 13    Spells: 7/7 levels left

rFire   . . .        a - +0 war axe
rCold   . . .        c - +0 buckler
rNeg    . . .        b - +0 scale mail
rPois   .            (helmet unavailable)
rElec   .            n - melded +2 cloak
rCorr   +            (gloves currently unavailable)
SInv    +            (boots currently unavailable)
Will    .....        (no amulet) Stlth
                     t - ring of resist corrosion
HPRegen 0.30/turn    (no ring)
MPRegen 0.11/turn

%: no passive effects
@: mighty, beast-form, wreathed by umbra, lightly drained, invisible
A: beast (slay +2), permanent stasis, dig shafts and tunnels, antennae 3, four
strong arms
a: Dig, Shaft Self, Begin Untransformation


You were on level 1 of the Abyss.
You were a hulking beast.
You visited 2 branches of the dungeon, and saw 6 of its levels.
You visited the Abyss 1 time.

You collected 182 gold pieces.

Inventory:

Hand Weapons
 a - a +0 war axe (weapon)
 p - a +0 falchion of flaming
Armour
 b - a +0 scale mail (worn)
 c - a +0 buckler (worn)
 n - a +2 cloak (melded)
Jewellery
 t - a ring of resist corrosion (left hand)
Talismans
 g - a beast talisman (active)
Scrolls
 e - a scroll of enchant weapon
 f - 2 scrolls of vulnerability
 h - a scroll of immolation {unknown}
 i - a scroll of fog {unknown}
 j - 2 scrolls of noise
 m - a scroll of poison {unknown}
 q - a scroll of teleportation {unknown}
 u - a scroll of revelation {unknown}
Potions
 d - 2 potions of might
 l - a potion of curing
 o - a potion of magic
 r - a potion of enlightenment


   Skills:
 + Level 5.6 Fighting
 + Level 4.6 Axes
 + Level 5.5 Armour
 - Level 1.0 Dodging
 + Level 6.7 Shields
 + Level 3.5 Shapeshifting


You had 7 spell levels left.
You didn't know any spells.
Your spell library contained the following spells:

 Spells                   Type           Power      Damage    Failure   Level
 Shock                    Conj/Air       0%         1d3       75%         1
 Airstrike                Air            0%         2d(0-16)  100%        4
 Swiftness                Air            Unusable   N/A       N/A         3

Dungeon Overview and Level Annotations

Branches:
Dungeon (5/15)             Temple (1/1) D:4

Altars:
Ashenzari
Cheibriados
Dithmenos
Elyvilon
Fedhas
Gozag
Hepliaklqana
Kikubaaqudgha
Nemelex Xobeh
Okawaru
Qazlal
Sif Muna
Trog
Uskayaw
Vehumet
Wu Jian
Xom
Yredelemnul
Zin
The Shining One

Shops:
D:3 :

Annotations:
D:4 2 transporters, iamserjio's ghost, weakling OpCA
D:5 Edmund


Innate Abilities, Weirdness & Mutations

You are a hulking beast.
Your limbs bulge with bestial killing power. (Slay +2)
You cannot be hasted, slowed, berserked, paralysed or teleported.
You can dig through walls and to a lower floor.
You have a pair of large antennae on your head. (SInv)
Your four strong arms can wield two-handed weapons with a shield.


Message History

The harpy zombie closely misses you. The harpy zombie barely misses you.
The harpy zombie closely misses you. The harpy zombie claws you.
You slash the harpy zombie!
The harpy zombie is moderately damaged.
The harpy zombie claws you but does no damage.
The harpy zombie claws you. You block the harpy zombie's attack. x2
The harpy zombie claws you.
The harpy zombie claws you but does no damage.
You feel very mighty all of a sudden. The harpy zombie claws you!
The harpy zombie claws you but does no damage.
You block the harpy zombie's attack. The harpy zombie barely misses you.
You fade into invisibility!
The harpy zombie closely misses you. The harpy zombie barely misses you.
The harpy zombie claws you but does no damage.
The harpy zombie barely misses you.
You feel much better. The harpy zombie barely misses you.
You block the harpy zombie's attack.
The profane servitor hits you with a +3 whip!!
The profane servitor draws strength from your injuries!
The profane servitor hits you with a +3 whip!
You block the harpy zombie's attack. The harpy zombie closely misses you.
The profane servitor barely misses you.
The profane servitor hits you with a +3 whip.
You feel drained. The harpy zombie claws you! The harpy zombie claws you.
Okay, then.
You slice the harpy zombie!!
The harpy zombie is severely damaged.
You miss the profane servitor.
The harpy zombie claws you but does no damage.
The harpy zombie claws you!
* * * LOW HITPOINT WARNING * * *
The profane servitor hits you with a +3 whip!
* * * LOW HITPOINT WARNING * * *
The profane servitor draws strength from your injuries!
You block the profane servitor's attack.
The harpy zombie claws you!
* * * LOW HITPOINT WARNING * * *
The harpy zombie claws you.
You die...

...................
... ...............
# . #..##..# ..##.
##..##..##..##..# .
............ .....
...................
#..##..##..##..##.
.##..##Z.##..##..
.......hA........ .
....................
.##..##..##..##. ##.
#.. #..##..# ..# ...
.......... ... ... .
.......... .. .
##..##. #. #.>#


You could see a profane servitor and a harpy zombie (unable to see you).

Vanquished Creatures
  Pikel (D:3)
  An ogre (D:4)
  A scorpion (D:5)
  A hound (D:3)
  A jelly (D:5)
  Crazy Yiuf (D:2)
  2 orc priests
  Jessica (D:2)
  An iguana (D:3)
  2 orc wizards (D:3)
  4 gnolls
  6 adders
  4 dart slugs
  7 orcs (D:3)
  8 endoplasms
  2 giant cockroaches
  9 goblins
  11 hobgoblins
  2 jackals (D:3)
  5 kobolds
  3 quokkas
  5 ball pythons
  7 bats
  5 rats
90 creatures vanquished.

Notes
Turn   | Place    | Note
-------+----------+-------------------------------------------
     0 | D:1      | Querens the Formicid Fighter began the quest for the Orb.
     0 | D:1      | Reached XP level 1. HP: 18/18 MP: 1/1
    53 | D:1      | Reached XP level 2. HP: 24/24 MP: 2/2
   168 | D:1      | Reached XP level 3. HP: 21/30 MP: 3/3
   554 | D:2      | Reached XP level 4. HP: 37/37 MP: 4/4
   984 | D:2      | Noticed Jessica
   993 | D:2      | Killed Jessica
   994 | D:2      | Reached skill level 1 in Dodging
   994 | D:2      | Reached XP level 5. HP: 37/42 MP: 5/5
  1019 | D:2      | Reached skill level 1 in Shapeshifting
  1126 | D:2      | Found a runed translucent door.
  1127 | D:2      | Noticed Crazy Yiuf
  1135 | D:2      | Killed Crazy Yiuf
  1323 | D:3      | Reached skill level 5 in Shields
  1323 | D:3      | Reached XP level 6. HP: 12/48 MP: 6/6
  1395 | D:3      | Found Nur Ysch's Book Shop.
  1658 | D:3      | Found an opulent altar of Gozag.
  1713 | D:3      | Found a faded altar of an unknown god.
  1858 | D:4      | Noticed Pikel
  1862 | D:4      | Noticed an ogre
  1962 | D:4      | Found a transporter.
  1970 | D:4      | Noticed a wyvern
  2077 | D:4      | Found a basalt altar of Yredelemnul.
  2082 | D:4      | Found a staircase to the Ecumenical Temple.
  2094 | D:4      | Reached XP level 7. HP: 27/55 MP: 7/7
  2099 | Temple   | Entered the Ecumenical Temple
  2314 | D:3      | HP: 2/55 [Pikel/+1 whip of electrocution (9)]
  2315 | D:3      | Killed Pikel
  2316 | D:3      | Reached skill level 5 in Fighting
  2316 | D:3      | Reached skill level 5 in Armour
  2316 | D:3      | Reached skill level 6 in Shields
  2316 | D:3      | Reached XP level 8. HP: 3/63 MP: 8/8
  2540 | D:4      | Found a transporter.
  2540 | D:4      | Noticed iamserjio's ghost (weakling OpCA)
  2584 | D:4      | Found an ornate altar of the Wu Jian Council.
  2684 | D:5      | Entered Level 5 of the Dungeon
  2871 | D:5      | Noticed Edmund
  2875 | Abyss:1  | Cast into level 1 of the Abyss (Edmund)
  3069 | Abyss:1  | Noticed a balrug
  3208 | Abyss:1  | Noticed a profane servitor
  3214 | Abyss:1  | HP: 1/62 [harpy zombie (8)]
  3214 | Abyss:1  | Slain by a harpy zombie

Illustrated notes

Levels and vault maps discovered:
D:1:      dpeg_arrival_rooms_c, layout_basic
D:2:      layout_loops_ring, minmay_pentomino_v4, uniq_crazy_yiuf_cottage,
          uniq_jessica
D:3:      cheibrodos_old_hovel, layout_basic,
          mainiacjoe_overflow_small_starburst, serial_shops, shop,
          shapermc_ecumenical_altar_petra, minmay_misc_feat_alley
D:4:      layout_cave_pools, nzn_wu_jian_contemplation,
          mainiacjoe_overflow_tiny_flanked, minmay_temple_entry_proselytizer,
          gammafunk_ghost_arena, uniq_pikel
D:5:      layout_gridville, uniq_edmund, uniq_sigmund
Temple:   minmay_temple_bridge_d
Abyss:1:  base:
D:5

Skill      XL: |  1  2  3  4  5  6  7 |
---------------+----------------------+-----
Fighting       | 4 5 |  5.6
Dodging        | 1 |  1.0
Shapeshifting  | 1 2 3 |  3.5
Armour         | 4 5 |  5.5
Axes           | 3 4 |  4.6
Shields        | 5 6 |  6.7

Action                     |  1- 3 |  4- 6 |  7- 9 || total
---------------------------+-------+-------+-------++-------
  Melee: War axe           |    70 |   160 |    38 ||   268
Ability: Dig               |     1 |       |       ||     1
         Begin Untransform |       |     1 |       ||     1
    Use: Scroll            |       |       |     9 ||     9
         Potion            |       |       |     3 ||     3
 Armour: Scale mail        |    57 |   123 |    48 ||   228
  Dodge: Dodged            |    42 |    86 |    21 ||   149
  Block: Buckler           |    27 |    59 |    25 ||   111
   Form: Beast             |     1 |     1 |       ||     2

Table legend: (Time is in decaauts)
 A = Elapsed time spent in this place.
 B = Non-inter-level travel time spent in this place.
 C = Inter-level travel time spent in this place.
 D = Time resting spent in this place.
 E = Time spent auto-exploring this place.
 F = Levels seen in this place.
 G = Mean time per level.
                   A        B        C        D        E       F      G
               +--------+--------+--------+--------+--------+-----+--------+
         Total |   3316 |   2944 |    372 |    163 |      0 |   7 |  473.7 |
       Dungeon |   2975 |   2603 |    372 |      0 |      0 |   5 |  595.0 |
        Temple |      1 |      1 |      0 |      0 |      0 |   1 |    1.0 |
         Abyss |    339 |    339 |      0 |    163 |      0 |   1 |  339.0 |
               +--------+--------+--------+--------+--------+-----+--------+

Top non-repeatable levels by time:
     D:3: 934 daAuts
     D:2: 787 daAuts
     D:4: 564 daAuts
     D:1: 496 daAuts
 Abyss:1: 339 daAuts
     D:5: 193 daAuts
  Temple: 1 daAuts
